 Dungeon Crawl Stone Soup version 0.29.0-13-gc9e81de378 (webtiles) character file.

Game seed: 15559432868016770521

8 Ofeo the Conjurer (level 2, 0/20 HPs)
             Began as a Meteoran Conjurer on Sept 9, 2022.
             Slain by an orc wizard
             ... wielding a +0 dagger
              (1 damage)
             ... on level 3 of the Dungeon.
             The game lasted 00:01:00 (130 turns).

Ofeo the Conjurer (Meteoran Conjurer)                Turns: 130, Time: 00:01:01

Health: 0/20       AC:  2    Str:  8    XL:     2   Next: 29%
Magic:  2/6        EV: 12    Int: 19    God:
Gold:   0          SH:  0    Dex: 12    Spells: 5/6 levels left

rFire   . . .      SeeInvis .   (no weapon)
rCold   . . .      Faith    .   (no shield)
rNeg    . . .      Spirit   .   a - +0 robe
rPois   .          Reflect  .   (no helmet)
rElec   .          Harm     .   (no cloak)
rCorr   .          Rampage  .   (no gloves)
Will    .....                   (no boots)
Stlth   +.........              (no amulet)
HPRegen 0.06/turn               (no ring)
MPRegen 0.10/turn               (no ring)

@: confused, attractive, glowing
A: sense surroundings 1, otherworldly, glowing, explore regen
a: no special abilities


You were on level 3 of the Dungeon.
You visited 1 branch of the dungeon, and saw 3 of its levels.

Inventory:

Armour
 a - a +0 robe (worn)
Scrolls
 d - a scroll of teleportation {unknown}
Potions
 b - a potion of magic


   Skills:
 + Level 2.7 Dodging
 + Level 1.5 Stealth
 + Level 2.9 Spellcasting
 + Level 5.0 Conjurations


You had 5 spell levels left.
You knew the following spells:

 Your Spells              Type           Power      Damage    Failure   Level
a - Magic Dart            Conj           84%        1d7       1%          1

Your spell library contained the following spells:

 Spells                   Type           Power      Damage    Failure   Level
 Searing Ray              Conj           42%        2d6       3%          2
 Dazzling Flash           Conj/Hex       24%        N/A       17%         3
 Fulminant Prism          Conj/Hex       6%         3d7       50%         4
 Iskenderun's Mystic Bla  Conj/Tloc      12%        2d5       50%         4


Dungeon Overview and Level Annotations

Branches:
Dungeon (3/15) Zot: 1669

Altars:


Innate Abilities, Weirdness & Mutations

You passively map a small area around you.
You are easily found by Zot.
You glow in the dark.
You regain HP and MP as you explore.


Message History

Confirm with . or Enter, or press ? or * to list all spells.
Aiming: Magic Dart (safe; 1% risk of failure)
Press: ? - help, Shift-Dir - straight line, f - goblin
Aim: a goblin, wielding a +0 dagger (100% to hit)
The magic dart hits something.
You hear some strange, mumbled words.
You are confused.
You now have 1/6 mp.
You miss something. Something hits you.
You take 3 damage, and have 7/20 hp.
You bump into the rock wall.
Something hits you.
* * * LOW HITPOINT WARNING * * *
You take 1 damage, and have 6/20 hp.
The goblin is attracted toward you. The orc is attracted toward you.
Something is attracted toward you. x2
You completely miss something.
You hear some strange, mumbled words.
A magic dart appears from out of thin air!
The magic dart hits you.
* * * LOW HITPOINT WARNING * * *
You take 3 damage, and have 3/20 hp.
You bump into the rock wall.
You feel less confused.
You hear some strange, mumbled words.
You are confused.
You bump into the rock wall.
Something hits you.
* * * LOW HITPOINT WARNING * * *
The orc is attracted toward you.
You take 1 damage, and have 2/20 hp.
Unknown command.
You bump into the rock wall.
Something barely misses you.
You bump into the rock wall.
You hear some strange, mumbled words.
You are more confused.
You closely miss something. Something hits you.
* * * LOW HITPOINT WARNING * * *
You take 1 damage, and have 1/20 hp.
You barely miss something. Something hits you but does no damage.
You miss something. Something hits you.
You die...

⌠, ⌠ #.# * , ,⌠ *
#.# , , * #.# , **
#.# * * #.#
#############.# ,
# #.............#
, #
#.############# #
#..........@# * *
######†)########{#
##...........# #g#
, ,
##.###..####.###o#
*
..#.##........##{#
...####.####..##o#
.#(#* #.####..##o#
###.###)..og.....#
# ##...#####..####


You could see 3 orcs and a goblin.

Vanquished Creatures
  2 orcs (D:3)
  An endoplasm (D:2)
  A goblin (D:3)
  A hobgoblin (D:3)
5 creatures vanquished.

Notes
Turn   | Place    | Note
-------+----------+-------------------------------------------
     0 | D:1      | Ofeo the Meteoran Conjurer began the quest for the Orb.
     0 | D:1      | Reached XP level 1. HP: 14/14 MP: 5/5
    69 | D:3      | Reached XP level 2. HP: 19/20 MP: 1/6
   119 | D:3      | Reached skill level 5 in Conjurations
   128 | D:3      | HP: 1/20 [something (1)]
   130 | D:3      | Slain by an orc wizard

Illustrated notes

Levels and vault maps discovered:
D:1:      saegor_arrival_simple_d, layout_loops_cross
D:2:      layout_loops_corners, basic_altar, serial_bayou_pond_e
D:3:      layout_loops_ring, kennysheep_vampire_church,
          kennysheep_decorative_pillar

Skill      XL: |  1  2 |
---------------+-------+-----
Conjurations   | 5 |  5.0
Dodging        | |  2.7
Stealth        | |  1.5
Spellcasting   | |  2.9

Action                   || total
-------------------------++-------
Melee: Unarmed           ||     9
 Cast: Magic Dart        ||    14
  Use: Potion            ||     1
Armor: Robe              ||     1
Dodge: Dodged            ||    12
